 Dungeon Crawl Stone Soup version 0.23.2-33-g5129a83184 (console) character file.

Game seed: 7194175619288022736

37 FlyingSalmon the Firebug (level 3, 19/19 HPs)
             Began as a Tengu Fire Elementalist on Aug 2, 2019.
             Quit the game on level 1 of the Dungeon.
             The game lasted 00:06:03 (1226 turns).

FlyingSalmon the Firebug (Tengu Fire Elementalist)  Turns: 1226, Time: 00:06:04

Health: 19/19      AC:  2    Str:  8    XL:     3   Next: 41%
Magic:  7/7        EV: 13    Int: 16    God:
Gold:   52         SH:  0    Dex: 14    Spells: 3/6 levels left

rFire    . . .     SeeInvis .   (no weapon)
rCold    . . .     Gourm    .   (no shield)
rNeg     . . .     Faith    .   a - +0 robe
rPois    .         Spirit   .   (helmet restricted)
rElec    .         Reflect  .   (no cloak)
rCorr    .         Harm     .   (no gloves)
MR       .....                  (boots unavailable)
Stlth    ++........             (no amulet)
HPRegen  0.06/turn              (no ring)
MPRegen  0.10/turn              (no ring)

@: no status effects
A: beak, talons 3
a: no special abilities


You were on level 1 of the Dungeon.
You were not hungry.

You visited 1 branch of the dungeon, and saw 1 of its levels.

You collected 52 gold pieces.

Inventory:

Missiles
 b - 27 stones (quivered)
Armour
 a - a +0 robe (worn)
Potions
 e - a potion of ambrosia {unknown}
 f - a potion of curing {unknown}
Comestibles
 c - 2 rations
 d - 4 chunks of flesh


   Skills:
 + Level 2.4 Dodging
 + Level 2.3 Stealth
 + Level 0.6 Unarmed Combat
 + Level 2.3 Spellcasting
 + Level 2.3 Conjurations
 + Level 3.7 Fire Magic


You had 3 spell levels left.
You knew the following spells:

 Your Spells              Type           Power        Failure   Level  Hunger
a - Flame Tongue          Conj/Fire      ##...        6%          1    #......
b - Throw Flame           Conj/Fire      ##....       9%          2    ###....

Your spell library contained the following spells:

 Spells                   Type           Power        Failure   Level  Hunger
 Conjure Flame            Conj/Fire      ##......     17%         3    ###....
 Inner Flame              Hex/Fire       #.......     28%         3    ###....
 Sticky Flame             Conj/Fire      ##......     50%         4    #####..
 Fireball                 Conj/Fire      ##........   85%         5    ######.


Dungeon Overview and Level Annotations

Branches:
Dungeon (1/15)

Altars:


Innate Abilities, Weirdness & Mutations

You have a beak for a mouth.
You have claws for feet.


Message History

You start resting.
Magic restored.
You start resting.
A hobgoblin comes into view.
A hobgoblin is nearby!
Unknown command.
You start resting.
HP restored.
Found 21 arrows.
The giant cockroach is too close now for your liking.
A giant cockroach is nearby!
A giant cockroach is nearby!
No target in view!
No target in view!
A jackal comes into view.
A rat comes into view.
Save game and exit?
Welcome back, FlyingSalmon the Tengu Fire Elementalist.
Press ? for a list of commands and other information.
Are you sure you want to abandon this character and quit the game? (Confirm with "yes".)

.####............#.......
.# ###.................#
.### #...........##.....
...####..........####.##.
##...............##...##
.######................. .#
#...........(.##.# .#
#...........#..... ##
#.........@..##..# ##
....###.####...........g...
.# ....# #..
##............... .# ..
...# #.. #................
.##... .
..##.......≈≈≈≈≈≈≈≈≈ #.....
.....#.......≈≈≈≈≈≈≈≈≈
.......
.#...........≈≈≈≈≈≈≈≈≈
.>.....
#...##.......≈≈≈#+#+#≈
......#
.##.#..#.......≈≈≈'...##


There were no monsters in sight!

Vanquished Creatures
  A leopard gecko (D:1)
  2 giant cockroaches (D:1)
  5 goblins (D:1)
  5 hobgoblins (D:1)
  5 jackals (D:1)
  4 bats (D:1)
  7 kobolds (D:1)
  3 rats (D:1)
32 creatures vanquished.

Notes
Turn   | Place    | Note
-------+----------+-------------------------------------------
     0 | D:1      | FlyingSalmon the Tengu Fire Elementalist began the quest
                  | for the Orb.
     0 | D:1      | Reached XP level 1. HP: 10/10 MP: 4/4
   311 | D:1      | Reached XP level 2. HP: 15/15 MP: 3/6
   567 | D:1      | Learned a level 2 spell: Throw Flame
   625 | D:1      | Reached XP level 3. HP: 18/19 MP: 0/7
  1226 | D:1      | Quit the game

Skill      XL: |  1  2  3 |
---------------+----------+-----
Conjurations   | 2 |  2.3
Dodging        | |  2.4
Stealth        | |  2.3
Unarmed Combat | |  0.6
Spellcasting   | |  2.3
Fire Magic     | |  3.7

Action                   || total
-------------------------++-------
Melee: Unarmed           ||    47
       Peck              ||     9
       Kick              ||    12
 Cast: Flame Tongue      ||    24
       Throw Flame       ||    13
  Eat: Chunk             ||     2
Armor: Robe              ||     8
Dodge: Dodged            ||    48
